 Dungeon Crawl Stone Soup version 0.29-a0-322-g68df515428 (webtiles) character file.

Game seed: 2977681938573665275

193 dianekeaton the Cudgeller (level 5, -4/45 HPs)
             Began as a Minotaur Fighter on Apr 7, 2022.
             Killed by divine providence
             ... invoked by an orc priest
              (17 damage)
             ... on level 4 of the Dungeon.
             The game lasted 00:05:44 (2884 turns).

dianekeaton the Cudgeller (Minotaur Fighter)        Turns: 2884, Time: 00:05:44

Health: -4/45      AC: 11    Str: 22    XL:     5   Next: 44%
Magic:  4/4        EV:  6    Int:  5    God:
Gold:   209        SH:  4    Dex: 10    Spells: 4/4 levels left

rFire   . . .      SeeInvis +   a - +0 flail
rCold   . . .      Faith    .   c - +0 buckler
rNeg    . . .      Spirit   .   q - +0 plate armour
rPois   .          Reflect  .   (helmet restricted)
rElec   .          Harm     .   (no cloak)
rCorr   .          Rampage  .   (no gloves)
Will    .....                   (no boots)
Stlth   ..........              (no amulet)
HPRegen 0.15/turn               j - ring of see invisible
MPRegen 0.09/turn               (no ring)

@: no status effects
A: horns 2, retaliatory headbutt
a: no special abilities


You were on level 4 of the Dungeon.
You visited 1 branch of the dungeon, and saw 4 of its levels.

You collected 209 gold pieces.

Inventory:

Hand Weapons
 a - a +0 flail (weapon)
Missiles
 i - 5 atropa-tipped darts (quivered)
Armour
 c - a +0 buckler (worn)
 q - a +0 plate armour (worn)
Jewellery
 j - a ring of see invisible (left hand)
 p - an amulet of magic regeneration
Wands
 o - a wand of charming (5)
Scrolls
 h - a scroll of magic mapping
 n - 2 scrolls of identify
Potions
 b - a potion of degeneration {unknown}
 d - a potion of invisibility {unknown}
 f - a potion of brilliance
 k - a potion of magic
 l - a potion of ambrosia {unknown}
 m - a potion of haste {unknown}


   Skills:
 - Level 3.6 Fighting
 + Level 6.9 Maces & Flails
 + Level 0.4 Throwing
 - Level 3.6 Armour
 - Level 3.6 Shields


You had 4 spell levels left.
You didn't know any spells.
Your spell library was empty.

Dungeon Overview and Level Annotations

Branches:
Dungeon (4/15)
 Temple: D:4-7

Altars:
Nemelex Xobeh
Vehumet


Innate Abilities, Weirdness & Mutations

You have a pair of horns on your head.
You reflexively headbutt those who attack you in melee.


Message History

An orc priest comes into view. It is wielding a +0 mace.
The orc wizard gestures at you while chanting.
The puff of flame hits you.
The orc priest shouts!
The orc wizard is no longer blind.
The orc priest calls down the wrath of Beogh upon you.
Beogh smites you! The orc completely misses you.
The orc attacks as you move away! The orc barely misses you.
The orc hits you but does no damage. The orc hits you but does no damage.
The orc attacks as you move away! The orc hits you with a +0 war axe.
The orc attacks as you move away! The orc hits you but does no damage.
The orc wizard casts a spell.
The orc wizard flickers and vanishes for a moment.
The orc attacks as you move away! The orc hits you but does no damage.
The orc attacks as you move away! The orc barely misses you.
The orc priest mumbles some strange prayers to Beogh against you.
Beogh smites you! The orc attacks as you move away!
The orc hits you with a +0 war axe!
* * * LOW HITPOINT WARNING * * *
The orc hits you with a +0 dagger.
* * * LOW HITPOINT WARNING * * *
The orc hits you but does no damage. The orc hits you with a +0 war axe.
* * * LOW HITPOINT WARNING * * *
You feel better.
An orc comes into view. It is wielding a +0 short sword.
The orc hits you but does no damage.
The ball python bites you but does no damage.
The ball python completely misses you. The orc barely misses you.
You furiously retaliate!
You headbutt the orc!
You kill the orc!
The orc attacks as you move away! The orc hits you but does no damage.
The ball python attacks as you move away!
The ball python bites you but does no damage.
The ball python barely misses you.
The orc priest calls down the wrath of Beogh upon you.
Beogh smites you!
You die...

#.# ##...#.#...####............##
..###....#.#........#..........#.
#..............###...............
###...###.####..####.............
..##....#.....#.####.............
...#.............#....#..........
...#...............#..##......##.
...'....o..o..)o..##..###.....##.
...#........o..S@.....##..######.
...#..................#....# #.
..##............<..........#####.
###..............................
...............######.......####.
#.#........................## #.
..............####.....##### ##
#.####..>.......##......#
.##........#.......#..#


You could see an orc priest, an orc wizard (invisible), an orc and a ball
python.

Vanquished Creatures
  A scorpion (D:2)
  A jelly (D:4)
  An iguana (D:4)
  2 adders (D:2)
  A white imp (D:3)
  A worm (D:2)
  2 dart slugs
  2 orcs (D:4)
  3 ball pythons
  7 endoplasms
  5 goblins
  2 hobgoblins (D:4)
  4 jackals (D:3)
  5 kobolds
  A quokka (D:4)
  4 bats (D:1)
  2 frilled lizards (D:1)
  2 rats (D:1)
46 creatures vanquished.

Notes
Turn   | Place    | Note
-------+----------+-------------------------------------------
     0 | D:1      | dianekeaton the Minotaur Fighter began the quest for the
                  | Orb.
     0 | D:1      | Reached XP level 1. HP: 19/19 MP: 0/0
   126 | D:1      | Reached skill level 3 in Maces & Flails
   254 | D:1      | Reached XP level 2. HP: 26/26 MP: 1/1
  1035 | D:2      | Reached skill level 4 in Maces & Flails
  1105 | D:2      | Reached XP level 3. HP: 29/31 MP: 2/2
  1450 | D:2      | Found a sparkling altar of Nemelex Xobeh.
  1543 | D:2      | Noticed a scorpion
  1551 | D:2      | Killed a scorpion
  1552 | D:2      | Reached skill level 5 in Maces & Flails
  1552 | D:2      | Reached XP level 4. HP: 39/39 MP: 3/3
  2148 | D:3      | Reached skill level 6 in Maces & Flails
  2594 | D:4      | Reached XP level 5. HP: 27/45 MP: 4/4
  2834 | D:4      | Found a radiant altar of Vehumet.
  2881 | D:4      | HP: 1/45 [orc/+0 war axe (3)]
  2884 | D:4      | Killed from afar by an orc priest

Illustrated notes

Levels and vault maps discovered:
D:1:      matt_arrival_spirals, layout_basic,
          nicolae_concentric_dashed_squares_mild, lemuel_old_faithful
D:2:      layout_loops_ring, basic_altar
D:3:      layout_basic, kennysheep_generic_room_8
D:4:      minmay_chambers_of_threes, layout_rooms, nicolae_vehumet_altar_sigil,
          minmay_temple_entry_trees, serial_shops, nicolae_shop_statue_plus,
          uniq_duvessa

Skill      XL: |  1  2  3  4 |
---------------+-------------+-----
Maces & Flails | 3 4 5 6 |  6.9
Fighting       | |  3.6
Throwing       | |  0.4
Armour         | |  3.6
Shields        | |  3.6

Action                   |  1- 3 |  4- 6 || total
-------------------------+-------+-------++-------
Melee: Flail             |    72 |    48 ||   120
       Headbutt          |     7 |     9 ||    16
Throw: Dart              |     2 |     1 ||     3
  Use: Scroll            |     3 |     5 ||     8
       Potion            |     1 |     1 ||     2
Armor: Chain mail        |    44 |    23 ||    67
       Plate armour      |       |    10 ||    10
Dodge: Dodged            |    29 |    23 ||    52
Block: Buckler           |    17 |     6 ||    23

Table legend: (Time is in decaauts)
 A = Elapsed time spent in this place.
 B = Non-inter-level travel time spent in this place.
 C = Inter-level travel time spent in this place.
 D = Time resting spent in this place.
 E = Time spent auto-exploring this place.
 F = Levels seen in this place.
 G = Mean time per level.
                   A        B        C        D        E       F      G
               +--------+--------+--------+--------+--------+-----+--------+
         Total |   2909 |   2760 |    149 |      0 |   2268 |   4 |  727.2 |
       Dungeon |   2909 |   2760 |    149 |      0 |   2268 |   4 |  727.2 |
               +--------+--------+--------+--------+--------+-----+--------+

Top non-repeatable levels by time:
     D:1: 1038 daAuts
     D:2: 692 daAuts
     D:3: 676 daAuts
     D:4: 501 daAuts
